Map: 16-Bit LE

Players

Blamezerg - Winner!

  • Race: Zerg Zerg
  • League: Master
  • Spawn Location: 7:00

Goosejuice

  • Race: Terran Terran
  • League: Master
  • Spawn Location: 1:00

VOD

Have the link to the VOD?

Description

Time

  • Played on: June 22, 2018, 3:10 a.m.
  • Length: 16:54
Show
View Real Time Build Order
Export as new Build Order

Blamezerg Zerg - Winner!

Build Orders: Hatch First, Muta Ling Bane 

Get SALT Encoding   

  12  0:01  Drone  
  13  0:13  Overlord  
  13  0:18  Drone  
  14  0:32  Drone x2  
  16  0:55  Hatchery, Drone  
  16  0:58  Drone  
  17  1:04  Drone  
  18  1:17  Spawning Pool  
  17  1:20  Drone  
  18  1:40  Hatchery  
  18  1:42  Drone  
  18  1:45  Drone  
  19  2:07  Zergling x6  
  22  2:09  Queen  
  22  2:13  Queen  
  26  2:18  Overlord  
  27  2:22  Drone  
  27  2:24  Drone  
  28  2:39  Drone x2  
  28  2:41  Drone x2  
  32  2:46  Spore Crawler  
  31  2:54  Queen  
  34  3:05  Overlord  
  34  3:07  Drone x3  
  37  3:15  Extractor, Drone x2  
  37  3:17  Extractor  
  37  3:24  Queen  
  37  3:26  Drone x2  
  41  3:27  Drone  
  41  3:28  Drone x2  
  41  3:29  Drone  
  41  3:30  Drone x2  
  47  3:34  Overlord  
  47  3:40  Queen  
  49  3:52  Queen  
  49  3:53  Overlord  
  51  4:00  Queen  
  53  4:09  Drone  
  55  4:10  Drone x4  
  55  4:12  Overlord x2  
  55  4:13  Overlord  
  58  4:25  Roach Warren  
  58  4:29  Evolution Chamber  
  58  4:30  Drone  
  58  4:31  Drone x5, Evolution Chamber  
  62  4:38  Lair  
  61  4:40  Drone  
  61  4:41  Drone x2  
  64  4:50  Drone x2  
  64  4:52  Drone x6  
  65  5:12  Drone  
  65  5:13  Drone x10  
  65  5:14  Spore Crawler  
  75  5:18  Metabolic Boost  
  62  5:39  Drone x4  
  62  5:40  Drone x5  
  70  5:48  Zerg Melee Weapons Level 1, Zerg Ground Armor Level 1  
  70  5:51  Queen x2  
  70  5:52  Queen  
  76  5:59  Overlord x2  
  76  6:06  Drone  
  76  6:08  Drone x2  
  76  6:09  Drone  
  80  6:14  Baneling Nest  
  80  6:16  Drone x3  
  80  6:17  Hatchery  
  81  6:20  Extractor x2, Drone  
  81  6:21  Drone x3  
  81  6:25  Drone x3  
  86  6:41  Spire, Extractor, Drone x2  
  86  6:42  Extractor, Drone  
  86  6:43  Drone x3  
  86  6:45  Drone  
  90  6:47  Overlord x3  
  90  6:48  Overlord  
  90  6:53  Spore Crawler  
  89  7:02  Drone  
  89  7:06  Drone x2  
  89  7:07  Hatchery, Drone  
  92  7:11  Spore Crawler  
  92  7:14  Zergling x10  
  92  7:15  Zergling x4  
  98  7:17  Centrifical Hooks  
  98  7:31  Zergling x20  
  108  7:41  Zergling x2  
  108  7:42  Zergling x2  
  98  7:51  Queen  
  98  7:52  Drone  
  98  7:53  Drone x2  
  98  7:54  Drone  
  102  8:07  Zerg Ground Armor Level 2, Zerg Melee Weapons Level 2  
  102  8:12  Drone x2  
  102  8:15  Zerg Flyer Weapons Level 1  
  102  8:19  Overlord x2  
  104  8:20  Overlord  
  104  8:21  Drone x4  
  104  8:22  Drone x2  
  104  8:24  Drone  
  111  8:30  Drone x4  
  115  8:38  Spine Crawler, Drone  
  115  8:39  Drone x6  
  119  8:50  Mutalisk  
  119  8:51  Mutalisk x5  
  131  8:56  Infestation Pit  
  131  9:02  Baneling x4  
  129  9:03  Baneling x5, Mutalisk  
  129  9:04  Mutalisk x4  
  129  9:07  Zergling x20  
  145  9:20  Drone  
  145  9:21  Drone x8  
  135  9:39  Zergling x2  
  135  9:40  Zergling x26  
  135  9:42  Hive  
  142  9:47  Mutalisk  
  142  9:48  Mutalisk x2  
  142  9:51  Extractor  
  147  9:56  Queen  
  147  9:57  Overlord  
  147  9:58  Overlord x9  
  147  10:19  Mutalisk x7  
  161  10:22  Zergling x2  
  161  10:23  Zergling x12  
  168  10:34  Zerg Flyer Armor Level 1  
  168  10:38  Extractor  
  168  10:42  Zergling x2  
  168  10:43  Zergling x22  
  179  11:03  Baneling x4  
  179  11:04  Baneling x6, Pneumatized Carapace  
  177  11:06  Hatchery  
  177  11:08  Zergling x10  
  177  11:09  Zergling x14  
  188  11:12  Overseer  
  188  11:15  Baneling x8  
  188  11:17  Zerg Ground Armor Level 3  
  148  11:33  Zergling x26  
  148  11:34  Zergling x6  
  150  11:40  Zergling x10  
  150  11:41  Zergling x8  
  159  11:48  Adrenal Glands  
  159  11:52  Ultralisk Cavern  
  159  11:53  Zergling x8  
  159  11:54  Zergling x8  
  166  12:02  Baneling  
  166  12:03  Baneling x10  
  166  12:09  Zergling x14  
  166  12:10  Zergling x4  
  154  12:27  Zergling x2  
  154  12:28  Zergling x34  
  169  12:51  Chitinous Plating  
  169  12:52  Zergling x2  
  169  12:53  Zergling x30  
  185  13:00  Baneling x14  
  185  13:06  Overseer x2  
  185  13:17  Greater Spire  
  185  13:19  Zerg Melee Weapons Level 3  
  183  13:24  Ultralisk x2  
  195  14:06  Zergling x10  
  194  14:36  Ultralisk  
  200  14:42  Burrow  
  173  15:02  Ultralisk x2  
  173  15:03  Ultralisk x5  
  187  15:12  Ultralisk  
  187  15:13  Ultralisk x2  
  183  15:21  Zergling x2  
  183  15:22  Zergling x44  
  184  15:38  Extractor  
  184  15:39  Extractor  
  182  15:43  Corruptor x4  
  190  15:50  Zergling x2, Ultralisk  
  190  15:51  Zergling x6  
  190  15:56  Pathogen Glands  
  200  16:06  Overseer x2  
  200  16:09  Baneling x6  
  200  16:10  Baneling x15  
  199  16:37  Hatchery  
  186  16:49  Hatchery  
Show
View Real Time Build Order
Export as new Build Order

Goosejuice Terran 

Build Orders: Hellion Opening, Reaper Expand, MMM Bio 

Get SALT Encoding   

  12  0:00  SCV  
  13  0:13  SCV  
  14  0:17  Supply Depot  
  14  0:27  SCV  
  15  0:40  SCV, Barracks  
  16  0:45  Refinery  
  16  0:52  SCV  
  17  1:04  SCV  
  18  1:16  SCV  
  19  1:29  Orbital Command, Reaper  
  20  1:51  Command Center  
  20  1:55  SCV  
  20  2:01  Marine  
  22  2:07  Factory  
  23  2:08  SCV  
  23  2:16  Supply Depot  
  23  2:24  Barracks Reactor  
  23  2:29  Refinery  
  23  2:38  SCV  
  24  2:50  SCV  
  25  3:02  SCV  
  26  3:07  Orbital Command  
  26  3:09  Starport, Hellion x2  
  29  3:14  SCV  
  29  3:19  Barracks Tech Lab  
  30  3:26  SCV  
  31  3:30  Hellion  
  31  3:31  Hellion  
  31  3:33  SCV  
  37  3:48  Medivac  
  38  3:49  Marine  
  38  3:52  Hellion x2  
  43  4:07  SCV  
  44  4:11  Stimpack, Marine  
  44  4:13  SCV  
  46  4:17  Supply Depot  
  46  4:18  Command Center  
  46  4:27  SCV x2  
  46  4:30  Viking  
  50  4:35  Engineering Bay  
  50  4:42  Factory Reactor  
  50  4:47  SCV x2  
  52  5:06  Marine  
  51  5:10  SCV  
  51  5:11  SCV  
  51  5:13  Starport Reactor, Terran Infantry Weapons Level 1  
  51  5:14  Barracks  
  53  5:16  Barracks x2  
  53  5:23  SCV  
  49  5:35  SCV  
  49  5:38  Orbital Command, Marine  
  49  5:39  SCV  
  49  5:41  Engineering Bay  
  45  5:45  Barracks  
  45  5:50  Barracks  
  45  5:52  Factory Reactor  
  45  5:55  SCV  
  45  5:56  SCV, Marine  
  48  5:59  Refinery x2  
  48  6:02  Barracks Reactor  
  48  6:09  Terran Infantry Armor Level 1  
  48  6:10  Barracks Reactor  
  48  6:11  SCV  
  48  6:12  Combat Shield, SCV x2  
  51  6:21  Medivac  
  51  6:23  SCV  
  51  6:24  SCV, Medivac  
  57  6:25  Marine  
  58  6:35  Marine x2  
  58  6:37  Orbital Command  
  58  6:38  Marine  
  58  6:39  Marine x5  
  66  6:43  SCV  
  66  6:44  SCV  
  66  6:45  Supply Depot  
  68  6:49  Factory Reactor  
  68  6:51  Armory, Marine x2  
  68  6:52  Marauder  
  68  6:53  Widow Mine  
  74  6:55  SCV  
  74  6:57  Marine x2  
  77  7:06  Marine x6  
  77  7:07  SCV  
  84  7:09  Supply Depot  
  84  7:16  Marine  
  84  7:21  Supply Depot  
  85  7:25  Supply Depot  
  85  7:30  SCV x2, Marine x4, Medivac  
  93  7:42  SCV, Marine x5, Medivac  
  101  7:47  SCV, Marine x2  
  100  7:56  Marine x4  
  98  7:59  SCV  
  98  8:00  Medivac  
  98  8:05  Marauder  
  103  8:07  Marine x2  
  103  8:08  Marine x2  
  103  8:09  Marine x2  
  103  8:12  Factory Reactor, Medivac  
  102  8:13  SCV x2, Marine  
  102  8:16  SCV  
  102  8:18  Supply Depot  
  106  8:23  Supply Depot  
  106  8:25  SCV  
  106  8:26  Marauder  
  109  8:39  SCV, Marine x6  
  116  8:45  Marine x4  
  116  8:48  Marauder, Supply Depot  
  122  8:57  Marine x3, Command Center  
  125  9:05  Supply Depot x3  
  125  9:07  Refinery, Terran Infantry Weapons Level 2  
  125  9:09  Marauder, SCV x2, Marine x3, Medivac  
  118  9:20  Marine x3  
  118  9:22  Marine  
  118  9:23  Marine  
  118  9:25  Marine x2  
  118  9:28  Missile Turret x2  
  118  9:30  Missile Turret, SCV x3  
  118  9:31  Marauder  
  113  9:39  Marine x2  
  113  9:44  Marine  
  113  9:45  Marine x3  
  110  9:47  Terran Infantry Armor Level 2, Widow Mine x2  
  110  9:48  SCV  
  110  9:49  SCV  
  110  9:52  Marauder  
  118  9:59  Marine x2  
  120  10:03  Marine  
  120  10:04  Marine  
  120  10:09  Missile Turret  
  120  10:10  Planetary Fortress  
  120  10:12  SCV x2  
  120  10:14  Marauder  
  123  10:15  Marine x2  
  123  10:18  Marine x2  
  123  10:19  Missile Turret  
  126  10:22  Marine  
  126  10:23  Marine x2  
  126  10:24  Sensor Tower  
  126  10:25  SCV  
  126  10:27  SCV x2, Marine x3  
  137  10:28  Widow Mine  
  136  10:37  Marine x2  
  136  10:40  Marine  
  136  10:41  Marauder, Marine x2  
  143  10:45  Missile Turret  
  143  10:47  Marine x3  
  146  10:53  Factory  
  146  10:54  Barracks  
  146  10:55  Marine x3, Barracks  
  148  10:59  Marine x3  
  148  11:00  Marine  
  148  11:02  Medivac x2  
  148  11:03  Marauder  
  158  11:05  Marine  
  159  11:11  Ghost Academy  
  159  11:24  Marauder  
  160  11:31  Liberator, Marine x4  
  160  11:32  Marine, Liberator  
  149  11:33  Widow Mine x2, Marine x4  
  149  11:38  Marine  
  132  11:46  Marauder  
  123  11:47  Barracks Tech Lab  
  123  11:48  Barracks Tech Lab, Marine  
  123  11:49  Marine x3  
  123  11:50  Marine x2, Factory Tech Lab  
  123  11:51  Personal Cloaking, Marine x2  
  123  11:53  Starport  
  136  11:55  Refinery  
  136  11:56  Refinery  
  136  11:59  Widow Mine x2  
  140  12:07  Marauder  
  142  12:10  Sensor Tower, Command Center  
  142  12:12  Missile Turret, Marine x2  
  141  12:17  Marine  
  141  12:18  Marine x2  
  141  12:22  Marine x2  
  124  12:28  Marauder  
  117  12:47  Command Center  
  117  12:51  Missile Turret  
  117  12:52  Marine x6  
  117  12:53  Marauder x3, Missile Turret, Marine  
  117  12:54  Widow Mine x2  
  117  12:55  Terran Infantry Weapons Level 3  
  117  12:58  Liberator x2  
  134  12:59  SCV x2  
  136  13:18  Ghost x2  
  143  13:24  Starport Tech Lab  
  143  13:26  Barracks Tech Lab  
  143  13:27  Planetary Fortress  
  143  13:48  Marine x3  
  144  13:49  Marauder x2, Liberator, Ghost x2  
  144  13:50  Unknown x3  
  153  14:09  Ghost  
  156  14:10  Missile Turret  
  156  14:11  SCV  
  156  14:16  Ghost  
  159  14:22  Missile Turret x3  
  159  14:23  SCV  
  162  14:27  Ghost  
  162  14:28  Ghost  
  160  14:35  SCV  
  160  14:38  Ghost  
  145  14:41  Marine x3  
  145  14:45  Ghost  
  149  14:46  Marine x2  
  153  14:56  Ghost x2  
  134  15:05  Marine x2  
  134  15:06  Marine x3  
  113  15:07  Marauder  
  113  15:09  Marine x2  
  93  15:14  Marauder  
  93  15:18  SCV  
  93  15:20  Marine  
  91  15:23  Marine x3  
  91  15:24  Marine  
  91  15:25  Marauder, SCV x3  
  99  15:30  SCV  
  99  15:34  Marine x2  
  99  15:35  Marauder x2, Marine  
  105  15:37  SCV x3, Liberator  
  105  15:41  Medivac x2  
  116  15:43  Widow Mine x3, SCV  
  119  15:52  Marine x3, Ghost  
  119  15:53  Marauder, Sensor Tower  
  129  16:02  Marine x2  
  129  16:04  Refinery, SCV  
  132  16:05  Refinery  
  132  16:06  Planetary Fortress  
  132  16:11  SCV x2  
  134  16:18  Marine x3  
  134  16:19  Marauder  
  134  16:20  Sensor Tower, Missile Turret  
Tags
 
Add a new tag
Caveats
  • Supply blocks, unpowered buildings, or Contaminate may cause inaccurate times.
  • Supply counts are checked every 10 seconds.